 Dungeon Crawl Stone Soup version 0.15-a0-77-g44c3f01 (webtiles) character file.

276 4tharraofdagon the Firebug (level 5, -4/28 HPs)
             Began as a Tengu Fire Elementalist on Apr 7, 2014.
             Shot with an arrow of flame by a centaur (13 damage)
             ... on Level 7 of the Dungeon.
             The game lasted 00:06:23 (887 turns).

4tharraofdagon the Firebug (Tengu Fire Elementalist) Turns: 887, Time: 00:06:24

HP  -4/28        AC  4     Str  8      XL: 5   Next: 17%
MP   6/11        EV 12     Int 17      God:
Gold 142         SH  0     Dex 14      Spells:  3 memorised,  1 level left

rFire  . . .     SeeInvis .     s - +0,+1 bardiche
rCold  . . .     Clarity  .     a - +0 robe
rNeg   . . .     Conserve .     (no shield)
rPois  .         rCorr    .     (helmet restricted)
rElec  .         rRot     .     (no cloak)
SustAb . .       Spirit   .     p - +1 pair of gloves
rMut   .         Warding  .     (boots unavailable)
Saprov . . .     Stasis   .     (no amulet)
MR     .....                    (no ring)
                                (no ring)

@: not resistant to hostile enchantments, fairly stealthy
A: able to fly, beak, talons 3
a: Fly


You were on level 7 of the Dungeon.
You were not hungry.

You visited 1 branch of the dungeon, and saw 7 of its levels.

You collected 142 gold pieces.

Inventory:

Hand weapons
 e - a +0,+0 mace
 h - a +0,+0 flail
 s - a +0,+1 bardiche (weapon)
 w - a -2,-1 flail
Missiles
 m - 4 exploding darts (quivered)
Armour
 a - a +0 robe (worn)
 k - a +0 pair of gloves
 p - a +1 pair of gloves (worn)
Comestibles
 c - 3 bread rations
 j - a honeycomb
 n - an apple
 o - a cheese
 q - 2 chunks of giant frog flesh
 t - a meat ration
Scrolls
 d - a scroll of identify
 f - 2 scrolls of teleportation
 g - 2 scrolls of enchant armour
 i - a scroll of enchant weapon II
 l - a scroll of noise
Potions
 u - a potion of agility
 v - a potion of berserk rage
Books
 b - a book of Flames

   Spells                             Type                      Level
   *Flame Tongue                      Conjuration/Fire             1
   Throw Flame                        Conjuration/Fire             2
   *Conjure Flame                     Conjuration/Fire             3
   Inner Flame                        Hexes/Fire                   3
   *Sticky Flame                      Conjuration/Fire             4
   Fireball                           Conjuration/Fire             5


   Skills:
 - Level 2.1 Dodging
 - Level 2.0 Stealth
 + Level 2.6 Spellcasting
 * Level 4.1 Conjurations
 * Level 4.7 Fire Magic


You had one spell level left.
You knew the following spells:

 Your Spells              Type           Power        Failure   Level  Hunger
a - Flame Tongue          Conj/Fire      ###..        2%          1    #......
b - Conjure Flame         Conj/Fire      ###.....     10%         3    ###....
c - Sticky Flame          Conj/Fire      ###.....     30%         4    #####..


Dungeon Overview and Level Annotations

Branches:
Dungeon (7/15)
 Temple: D:4-7

Altars:
Nemelex Xobeh

Annotations:
D:3 4tharraofdagon's ghost, weakling TeFE; Sigmund


Innate Abilities, Weirdness & Mutations

You can fly.
You have a beak for a mouth.
You have claws for feet.


Message History

Read which item? (? for menu, Esc to quit)
As you read the scroll labeled PHEACI MOARINU, it crumbles to dust.
It is a scroll of enchant weapon II.
Enchant which weapon? (? for menu, Esc to quit)
Your +0,+0 bardiche glows red for a moment.
Found 19 gold pieces.
You now have 142 gold pieces (gained 19).
Your magical contamination has completely faded away.
Found a scroll of identify.
Found a scroll of enchant weapon II.
d - a scroll of identify
i - a scroll of enchant weapon II
Found a scroll labeled WURONU LIBUNT.
A centaur comes into view.
The centaur shouts!
The centaur wields a bow.
The centaur shoots an arrow of flame.
The arrow of flame hits you!
Ouch! That really hurt!
The centaur shoots an arrow of flame.
The arrow of flame hits you!
You die...

#### .?# #.#
#.##.##@###
c..........#
#.##.##.#.#
# #.#.#
..#.# ####.#
#.# #.# #.#


You could see a centaur.

Vanquished Creatures
  A giant frog (D:6)
  A jelly (D:7)
  2 adders (D:6)
  A giant eyeball (D:6)
  2 giant geckos
  An orc (D:6)
  A ball python (D:3)
  4 goblins
  4 hobgoblins
  2 kobolds
  2 quokkas
  3 bats
  A giant cockroach (D:2)
  A giant newt (D:3)
  A hobgoblin skeleton (D:6)
  A quokka zombie (D:6)
  7 rats
35 creatures vanquished.

Vanquished Creatures (others)
  A rat (D:3)
1 creature vanquished.

Grand Total: 36 creatures vanquished

Notes
Turn   | Place    | Note
--------------------------------------------------------------
     0 | D:1      | 4tharraofdagon, the Tengu Fire Elementalist, began the quest for the Orb.
     0 | D:1      | Reached XP level 1. HP: 10/10 MP: 3/3
    80 | D:1      | Reached XP level 2. HP: 12/15 MP: 3/5
   111 | D:2      | Found a sparkling altar of Nemelex Xobeh.
   265 | D:3      | Noticed Sigmund
   296 | D:3      | Noticed 4tharraofdagon's ghost (weakling TeFE)
   497 | D:5      | Entered Level 5 of the Dungeon
   545 | D:6      | Paralysed by a giant eyeball for 2 turns
   549 | D:6      | Paralysed by a giant eyeball for 3 turns
   553 | D:6      | Paralysed by a giant eyeball for 3 turns
   555 | D:6      | Reached XP level 3. HP: 6/19 MP: 7/7
   560 | D:6      | Learned a level 3 spell: Conjure Flame
   682 | D:6      | Noticed a giant frog
   710 | D:6      | Reached skill level 4 in Fire Magic
   763 | D:6      | Killed a giant frog
   763 | D:6      | Reached XP level 4. HP: 21/24 MP: 7/9
   785 | D:6      | Learned a level 4 spell: Sticky Flame
   854 | D:7      | Reached XP level 5. HP: 28/28 MP: 2/11
   887 | D:7      | Noticed a centaur
   887 | D:7      | Shot with an arrow of flame by a centaur

Action                   |  1- 3 |  4- 6 || total
-------------------------+-------+-------++-------
Melee: Mace              |    12 |       ||    12
       Flail             |     2 |       ||     2
       Bardiche          |     3 |     1 ||     4
Throw: Dart              |     2 |       ||     2
 Cast: Flame Tongue      |    34 |     9 ||    43
       Conjure Flame     |       |     1 ||     1
  Use: Potion            |     2 |       ||     2
       Scroll            |     4 |     4 ||     8
